 Dungeon Crawl Stone Soup version 0.21-a0-531-gacddea6 (webtiles) character file.

843129 dillydally the Cryomancer (level 27, -5/243 HPs)
             Began as a Barachi Warper on Dec 11, 2017.
             Was an Elder of Makhleb.
             Killed from afar by a Brimstone Fiend (33 damage)
             ... with damnation
             ... in Pandemonium on Dec 12, 2017.
             The game lasted 06:01:40 (74297 turns).

dillydally the Cryomancer (Barachi Warper)         Turns: 74297, Time: 06:01:40

Health: -5/243     AC: 40    Str: 33    XL:     27
Magic:  17/47      EV: 25    Int: 21    God:    Makhleb [****..]
Gold:   9265       SH: 20    Dex: 22    Spells: 11/67 levels left

rFire    + + .     SeeInvis .   W - +9 trishula (holy)
rCold    + + +     Gourm    .   S - +2 shield of Intercession {Regen+ rCorr Int+2}
rNeg     + + .     Faith    .   I - +9 plate armour of the Shrike {MR+ Str+2}
rPois    +         Spirit   .   d - -2 hat of the Alchemist {rElec rPois rF+ rC+ rN+ MR+ rMut rCorr}
rElec    +         Reflect  .   X - scarf {rC+ rF+}
rCorr    +         Harm     .   Y - +1 pair of gloves of Lougoxto {Str+4 Dex+3}
rMut     +                      h - +1 pair of boots of the Distant Future {rC+ Str+5}
MR       ++++.                  b - amulet of Vitality {Regen+ HP+15}
Stlth    +.........             D - ring "Xequew" {AC+6 Str+2}
HPRegen  1.30/turn              r - ring of Divine Compulsion {rN+ Str+4 Dex+3 Slay+2}
MPRegen  0.30/turn

@: very slightly contaminated, very slow
A: +LOS, swims, yellow scales 1, blurry vision 1, cold resistance 1, slowness 1,
subdued magic 1, strong legs 2
}: 5/15 runes: decaying, slimy, silver, dark, gossamer
a: Hop, Minor Destruction, Lesser Servant of Makhleb, Major Destruction,
Renounce Religion


You were in Pandemonium.
You worshipped Makhleb.
Makhleb was greatly pleased with you.
You were not hungry.

You visited 11 branches of the dungeon, and saw 53 of its levels.
You visited Pandemonium 1 time, and saw 2 of its levels.
You visited 1 ziggurat, and saw 26 of its levels.

You collected 12155 gold pieces.
You spent 2890 gold pieces at shops.

Inventory:

Hand Weapons
 a - a +9 vampiric broad axe
 W - a +9 trishula of holy wrath (weapon)
 Z - the +14 obsidian axe {chop, +Fly SInv *Curse}
   (You bought it in a shop on level 6 of the Dungeon)

   It inflicts extra damage upon your enemies.
   It lets you see invisible.
   It lets you fly.
   It curses itself when equipped.
Armour
 d - the -2 hat of the Alchemist (worn) {rElec rPois rF+ rC+ rN+ MR+ rMut rCorr}
   (You found it on level 4 of the Lair of Beasts)

   It protects you from fire.
   It protects you from cold.
   It insulates you from electricity.
   It protects you from poison.
   It protects you from negative energy.
   It affects your resistance to hostile enchantments.
   It protects you from acid and corrosion.
   It protects you from mutation.
 h - the +1 pair of boots of the Distant Future (worn) {rC+ Str+5}
   (You found it on level 5 of the Pits of Slime)

   It affects your strength (+5).
   It protects you from cold.
 j - a +0 pair of boots of stealth
 l - the +1 helmet "Wathol" {rElec rN+ Slay+2 Stlth+}
   (You found it on level 4 of a ziggurat)

   It affects your accuracy and damage with ranged weapons and melee attacks
   (+2).
   It insulates you from electricity.
   It protects you from negative energy.
   It makes you more stealthy.
 z - the +1 large shield "Ustyaggeps" {MR++ Stlth-}
   (You acquired it on level 23 of a ziggurat)

   It affects your resistance to hostile enchantments.
   It makes you less stealthy.
 I - the +9 plate armour of the Shrike (worn) {MR+ Str+2}
   (You found it on level 23 of a ziggurat)

   It affects your strength (+2).
   It affects your resistance to hostile enchantments.
 S - the +2 shield of Intercession (worn) {Regen+ rCorr Int+2}
   (You bought it in a shop on level 4 of the Vaults)

   It affects your intelligence (+2).
   It increases your rate of regeneration.
   It protects you from acid and corrosion.
 X - a scarf of resistance (worn)
 Y - the +1 pair of gloves of Lougoxto (worn) {Str+4 Dex+3}
   (You found it on level 3 of the Elven Halls)

   It affects your strength (+4).
   It affects your dexterity (+3).
Jewellery
 b - the amulet of Vitality (around neck) {Regen+ HP+15}
   (You found it on level 12 of a ziggurat)

   [amulet of regeneration]

   It affects your health (+15).
   It increases your rate of regeneration.
 i - the ring "Wyste" {+Blink rN+ MP+9 SInv}
   (You found it on level 25 of a ziggurat)

   [ring of magical power]

   It protects you from negative energy.
   It affects your magic capacity (+9).
   It lets you see invisible.
   It lets you blink.
 r - the ring of Divine Compulsion (right hand) {rN+ Str+4 Dex+3 Slay+2}
   (You found it on level 3 of the Elven Halls)

   [ring of strength]

   It affects your strength (+4).
   It affects your dexterity (+3).
   It affects your accuracy and damage with ranged weapons and melee attacks
   (+2).
   It protects you from negative energy.
 t - the ring of Shadows {Umbra +Inv Stlth+}
   (You found it on level 10 of a ziggurat)

   [ring of stealth]

   It lets you turn invisible.
   It makes you more stealthy.
 u - a +5 amulet of reflection
 w - the ring "Osheach" {Ice Int+3}
   (You found it on level 22 of a ziggurat)

   [ring of ice]

   It enhances your ice magic.
   It affects your intelligence (+3).
   It makes you vulnerable to fire.
   It protects you from cold.
 y - the amulet of the Vendetta {RegenMP Dex+7 Stlth+}
   (You found it on level 5 of the Pits of Slime)

   [amulet of magic regeneration]

   It increases your magic regeneration.
   It affects your dexterity (+7).
   It makes you more stealthy.
 D - the ring "Xequew" (left hand) {AC+6 Str+2}
   (You found it on level 6 of a ziggurat)

   [ring of protection]

   It affects your AC (+6).
   It affects your strength (+2).
 G - the ring "Dyicsauq" {Fire *Slow rElec Dex+3 Slay+3}
   (You found it on level 24 of a ziggurat)

   [ring of fire]

   It enhances your fire magic.
   It affects your dexterity (+3).
   It affects your accuracy and damage with ranged weapons and melee attacks
   (+3).
   It protects you from fire.
   It makes you vulnerable to cold.
   It insulates you from electricity.
   It may slow you when you take damage.
 J - the ring of Phasing {EV+8}
   (You found it on level 23 of a ziggurat)

   [ring of evasion]

   It affects your evasion (+8).
 M - the amulet of Liberalism {Reflect Dex+4 SH+3}
   (You found it on level 3 of the Elven Halls)

   [amulet of reflection]

   It shields you and reflects attacks.
   It affects your dexterity (+4).
   It affects your SH (+3).
 T - the amulet of Dugoaneg {RegenMP +Inv rC+}
   (You found it on level 15 of a ziggurat)

   [amulet of magic regeneration]

   It increases your magic regeneration.
   It protects you from cold.
   It lets you turn invisible.
 U - the ring "Faloys" {rPois rF+ rC+ rN+ Dex-5 SInv}
   (You found it on level 22 of a ziggurat)

   [ring of protection from fire]

   It affects your dexterity (-5).
   It protects you from fire.
   It protects you from cold.
   It protects you from poison.
   It protects you from negative energy.
   It lets you see invisible.
Wands
 k - a wand of clouds (5)
Scrolls
 e - 6 scrolls of silence
 g - 26 scrolls of remove curse
 n - 10 scrolls of fog
 o - 2 scrolls of enchant weapon
 p - 2 scrolls of identify
 q - 8 scrolls of fear
 E - 40 scrolls of teleportation
 N - a scroll of brand weapon
 O - 17 scrolls of enchant armour
 Q - 15 scrolls of amnesia
Potions
 c - 4 potions of resistance
 m - 11 potions of mutation
 v - 11 potions of curing
 B - 14 potions of ambrosia
 F - 5 potions of brilliance
 H - 5 potions of cancellation
 K - 2 potions of agility
 P - 8 potions of flight
 V - 3 potions of magic
Books
 s - a book of Annihilations

   Spells                             Type                      Level
   a - Poison Arrow                   Conjuration/Poison           6
   b - Chain Lightning                Conjuration/Air              8
   c - Lehudib's Crystal Spear        Conjuration/Earth            8
   d - Glaciate                       Conjuration/Ice              9
   e - Fire Storm                     Conjuration/Fire             9
 A - a book of Conjurations

   Spells                             Type                      Level
   a - Magic Dart                     Conjuration                  1
   b - Searing Ray                    Conjuration                  2
   c - Dazzling Spray                 Conjuration/Hexes            3
   d - Fulminant Prism                Conjuration/Hexes            4
   e - Force Lance                    Conjuration/Translocation    4
   f - Iskenderun's Mystic Blast      Conjuration                  4
Miscellaneous
 R - a sack of spiders
Comestibles
 f - 30 bread rations
 x - 20 royal jellies
 C - 40 fruits
 L - 25 meat rations


   Skills:
 - Level 21.1 Fighting
 - Level 20.3 Axes
 - Level 1.0 Throwing
 - Level 21.1 Armour
 - Level 20.2 Dodging
 - Level 11.3 Stealth
 - Level 20.7 Shields
 * Level 20.8 Spellcasting
 * Level 20.0 Conjurations
 - Level 5.4 Hexes
 - Level 3.2 Translocations
 * Level 20.1 Fire Magic
 * Level 22.2 Ice Magic
 - Level 5.0 Air Magic
 - Level 11.7 Earth Magic
 - Level 8.5 Invocations


You had 11 spell levels left.
You knew the following spells:

 Your Spells              Type           Power        Failure   Level  Hunger
a - Blink                 Tloc           N/A          1%          2    None
b - Apportation           Tloc           ####..       1%          1    None
c - Ignition              Fire           ######....   11%         8    ######.
d - Freeze                Ice            ####         0%          1    None
e - Shatter               Erth           ######....   100%        9    #######
f - Invisibility          Hex            ####....     73%         6    ###....
g - Tornado               Air            ####......   100%        9    #######
h - Fire Storm            Conj/Fire      ######....   77%         9    #######
i - Glaciate              Conj/Ice       ######....   67%         9    #######
j - Song of Slaying       Chrm           ###.....     9%          2    None


Dungeon Overview and Level Annotations

Branches:
Dungeon (15/15)            Temple (1/1) D:4            Lair (6/6) D:11
  Swamp (4/4) Lair:2       Spider (4/4) Lair:4        Slime (5/5) Lair:6
    Orc (2/2) D:12            Elf (3/3) Orc:2        Vaults (5/5) D:14
  Crypt (3/3) Vaults:3       Tomb (0/3) Crypt:3      Depths (5/5) D:15
    Zot (0/5) Depths:5

Altars:
Ashenzari
Cheibriados
Dithmenos
Elyvilon
Fedhas
Gozag
Hepliaklqana
Kikubaaqudgha
Makhleb
Nemelex Xobeh
Okawaru
Qazlal
Ru
Sif Muna
Trog
Uskayaw
Vehumet
Wu Jian
Xom
Yredelemnul
Zin
The Shining One
Jiyva

Shops:
D:4 }   D:6 *[   D:9 *   D:11 (   Orc:2 ((%[(   Vaults:2 %   Vaults:4 *(*
Depths:2 %

Portals:
Hell: Depths:1 Depths:2 Depths:3 Depths:4 Depths:5
Abyss: Depths:4
Pandemonium: Depths:3

Annotations:
D:1 Natasha


Innate Abilities, Weirdness & Mutations

Shadows flee at your approach. (+LOS)
You can swim through water.
You cover ground slowly.
You can hop long distances.
You are partially covered in yellow scales. (AC +2)
Scrolls take you a little longer to read.
Your flesh is cold resistant. (rC+)
Your spells are a little easier to cast, but a little less powerful.


Message History

The Brimstone Fiend completely resists.
The Brimstone Fiend is lightly wounded.
The fireball engulfs the Brimstone Fiend.
The Brimstone Fiend completely resists.
The Brimstone Fiend is lightly wounded.
The fireball engulfs the large abomination.
You destroy the large abomination!
Makhleb accepts your kill.
You feel better.
You feel your intelligence returning.
The Brimstone Fiend closely misses you. x2
You block the Brimstone Fiend's attack.
Unknown command.
You impale the Brimstone Fiend!!
The Brimstone Fiend convulses!
The Brimstone Fiend is heavily wounded.
You impale the Brimstone Fiend!!
The Brimstone Fiend convulses!
The Brimstone Fiend is almost dead.
The Brimstone Fiend gestures at you.
The sphere of damnation explodes!
The damnation engulfs you!
You die...

.............#### ##.........###
................####...........##
.................##.............#
.................................
.................................
.................................
.................................
.................................
...............1@†...............
............?....................
.................##.[...........#
................####...........##
..†............................##
.......##..............#........#
####.......##########.....####...
####...## ##...## ##.. #...#
#...# #..


You could see a Brimstone Fiend.

Vanquished Creatures
  the Royal Jelly (Slime:5)
  Dissolution (Slime:3)
  Gloorx Vloq (Pan)
  8 ancient liches
  Khufu (Crypt:3)
  Mennas (Crypt:2)
  22 juggernauts
  A greater mummy (Zig:4)
  Saint Roka (Vaults:3)
  Frederick (Vaults:3)
  7 Killer Klowns
  3 pandemonium lords
  A caustic shrike (Zig:10)
  Xtahua (Vaults:3)
  30 golden dragons
  Nikola (Vaults:3)
  2 profane servitors
  3 bone dragons
  A Tzitzimitl (Zig:26)
  3 Brimstone Fiends (Pan)
  An iron giant (shapeshifter) (Zig:12)
  9 electric golems (Zig:21)
  9 liches
  A hellephant (Zig:10)
  2 Ice Fiends
  11 tentacled monstrosities
  2 deep elf blademasters (Elf:3)
  4 Hell Sentinels
  14 titans
  A shard shrike skeleton (Crypt:1)
  3 deep elf master archers (Elf:3)
  4 quicksilver dragons
  2 quicksilver dragons (shapeshifter) (Zig:12)
  An eldritch tentacle (Pan)
  37 acid blobs
  27 Executioners
  10 ancient champions
  A sphinx (shapeshifter) (Zig:12)
  5 sphinxes
  2 thorn hunters
  Donald (Orc:2)
  7 storm dragons
  7 draconian monks
  Kirke (D:12)
  4 shadow dragons
  7 nagarajas (Zig:15)
  11 fire giants
  5 tengu reavers
  7 revenants
  Roxanne (D:14)
  11 azure jellies
  18 vault wardens
  10 deep elf sorcerers
  3 iron dragons
  36 large abominations
  2 warmongers (Zig:26)
  12 frost giants
  A frost giant (shapeshifter) (Vaults:2)
  5 draconian knights
  A cacodemon (Zig:26)
  4 balrugs
  6 draconian scorchers
  Aizul (Elf:3)
  7 draconian shifters
  Louise (Spider:3)
  A ghoul (Crypt:3)
  7 curse skulls
  9 orc warlords
  A ghost moth (Spider:4)
  6 draconian stormcallers (Zig:22)
  6 emperor scorpions (Spider:4)
  2 draconian annihilators (Zig:22)
  2 reapers (Zig:18)
  3 spriggan defenders
  6 deep elf elementalists
  31 ironheart preservers
  A caustic shrike skeleton (Zig:7)
  3 war gargoyles
  An entropy weaver (shapeshifter) (Vaults:4)
  17 very ugly things
  The ghost of drazt1k the Bludgeoner, a journeyman FoAK of Lugonu (Lair:6)
  4 entropy weavers
  2 blood saints
  4 deep elf demonologists
  3 white draconians
  33 stone giants
  21 vampire knights
  2 lorocyprocas (Pan)
  3 corrupters
  A spark wasp (shapeshifter) (Depths:1)
  11 deep elf annihilators
  3 green draconians
  7 black draconians
  Nessos (Orc:2)
  4 red draconians
  2 yellow draconians (Zig:22)
  2 purple draconians (Zig:22)
  Azrael (Orc:1)
  10 spark wasps
  An ettin (shapeshifter) (Zig:11)
  2 crystal guardians
  15 ettins
  6 merfolk javelineers (Zig:16)
  2 mummy priests (Crypt:3)
  17 jiangshi
  12 deep elf death magi
  17 green deaths
  3 eidola (Zig:18)
  16 death oozes
  11 fire dragons
  A great orb of eyes (shapeshifter) (Zig:11)
  3 rakshasas
  Josephine (Lair:5)
  6 merfolk impalers
  16 yaktaur captains
  14 great orbs of eyes
  12 deep elf high priests
  A merfolk avatar (Zig:16)
  A monstrous demonspawn (Pan)
  17 ice dragons
  8 spriggan air magi
  30 hydras
  30 vault guards
  Erica (Lair:1)
  4 naga warriors (Zig:15)
  An anaconda (Zig:15)
  3 ghost crabs
  19 ogre magi
  54 two-headed ogres
  5 catoblepae
  9 centaur warriors
  A catoblepas (shapeshifter) (Zig:20)
  4 death knights
  23 dancing weapons
  A two-headed ogre (shapeshifter) (Zig:12)
  8 alligators
  2 alligator snapping turtles (shapeshifter)
  A queen ant (shapeshifter) (Zig:12)
  A death scarab (Zig:2)
  12 deep troll shamans
  4 merfolk aquamancers (Zig:16)
  17 death yaks
  4 vampire magi
  2 tengu warriors
  3 deep troll earth magi
  9 orc high priests
  4 spriggan berserkers
  9 sun demons
  8 shock serpents
  Sonja (D:13)
  11 soul eaters (Pan)
  A naga sharpshooter (Zig:15)
  26 deep elf knights
  9 hell knights
  11 iron trolls
  A titan skeleton (Pan)
  9 small abominations
  12 shadow wraiths
  3 sixfirhies
  21 skeletal warriors
  3 storm dragon skeletons
  2 spriggan druids
  A sea snake (Zig:3)
  A spark wasp zombie (Crypt:1)
  A swamp dragon (shapeshifter) (Zig:20)
  6 glowing orange brains
  2 unseen horrors
  A torturous demonspawn (Pan)
  15 swamp dragons
  A death drake (shapeshifter) (Zig:12)
  A gelid demonspawn (Pan)
  2 shadow demons
  9 flayed ghosts
  2 infernal demonspawn
  34 deep trolls
  9 death drakes
  3 wizards
  6 shambling mangroves
  3 naga ritualists (Zig:15)
  A glowing orange brain (shapeshifter) (Zig:14)
  4 phantasmal warriors
  23 orc knights
  An obsidian statue (D:12)
  23 deep elf archers
  A lindwurm (shapeshifter) (Vaults:5)
  A lindwurm (Lair:6)
  An anaconda skeleton (Pan)
  A harpy (shapeshifter) (Vaults:1)
  16 ironbrand convokers
  4 orc sorcerers
  8 necromancers
  10 shining eyes
  25 ugly things
  80 deep elf magi
  4 harpies (Zig:16)
  7 oklob plants (Zig:15)
  8 orb spiders
  A stone giant zombie (Crypt:3)
  24 wolf spiders
  4 mana vipers (Depths:2)
  A spectral ice dragon (Crypt:3)
  A tengu skeleton (Zig:7)
  9 moths of wrath
  A salamander (Zig:15)
  A salamander (shapeshifter) (Zig:14)
  A sphinx skeleton (Crypt:2)
  11 cyclopes
  A centaur zombie (D:14)
  A moth of wrath (shapeshifter) (Vaults:5)
  2 stone giant skeletons
  2 merfolk sirens
  An iron dragon skeleton (Crypt:1)
  14 elephants
  2 manticores
  2 frost giant skeletons
  2 apocalypse crabs (Zig:12)
  A fire giant skeleton (Pan)
  3 guardian serpents (Zig:15)
  13 black mambas
  6 smoke demons (Pan)
  4 eyes of devastation
  3 rust devils
  A shock serpent skeleton (Pan)
  2 orange demons
  An ice statue (Zig:8)
  7 water nymphs (Zig:16)
  20 vault sentinels
  3 gargoyles
  3 naga magi (Zig:15)
  4 torpor snails
  An eye of devastation (shapeshifter) (Vaults:4)
  5 centaur skeletons
  A swamp worm zombie (Swamp:2)
  5 spectral swamp worms (Depths:2)
  A dire elephant skeleton (Pan)
  An emperor scorpion zombie (Crypt:1)
  16 spiny frogs
  4 hellions
  2 rime drakes
  2 spriggan skeletons
  7 guardian mummies (Crypt:3)
  A kobold demonologist (D:11)
  A grey draconian zombie (Crypt:1)
  A komodo dragon (shapeshifter) (Zig:20)
  36 yaktaurs
  5 efreet
  14 freezing wraiths
  17 demonic crawlers
  A catoblepas skeleton (Pan)
  12 komodo dragons
  A yellow draconian skeleton (Crypt:2)
  2 tengu conjurers
  A purple draconian skeleton (Pan)
  18 merfolk
  3 red devils (Pan)
  17 jumping spiders
  A queen bee (shapeshifter) (Vaults:5)
  3 meliai
  A polar bear (shapeshifter) (Vaults:4)
  5 tyrant leeches
  15 trolls
  30 hornets
  5 polar bears
  A tyrant leech (shapeshifter) (Depths:5)
  2 wind drakes (Zig:16)
  18 blink frogs
  Prince Ribbit (D:9)
  5 hippogriffs
  A dream sheep (shapeshifter) (Elf:1)
  A meliai zombie (D:14)
  7 bog bodies
  An ice dragon zombie (Crypt:1)
  A minotaur skeleton (Crypt:2)
  An ettin zombie (Vaults:3)
  A snapping turtle (shapeshifter) (Vaults:5)
  82 slime creatures
  A fire giant simulacrum (Vaults:2)
  3 hippogriffs (shapeshifter)
  3 raiju (Zig:21)
  4 snapping turtles (Zig:16)
  2 stone giant simulacra
  14 spriggans
  An elf skeleton (Vaults:5)
  66 flying skulls
  6 air elementals
  2 ettin skeletons
  47 redbacks
  7 shadows
  A tarantella (shapeshifter) (D:13)
  An alligator skeleton (Pan)
  7 ynoxinuls (Pan)
  A vampire (D:14)
  3 fire elementals
  An ushabti (Zig:4)
  16 tarantellas
  10 water elementals
  13 wraiths
  3 hogs
  2 yaks (shapeshifter)
  4 wyverns
  32 yaks
  8 golden eyes
  A human (D:7)
  2 fire dragon skeletons
  A golden eye (shapeshifter) (Vaults:4)
  A hog (shapeshifter) (Vaults:1)
  16 vampire mosquitoes
  2 human simulacra
  A hungry ghost (D:12)
  6 basilisks
  2 chaos spawn
  10 neqoxecs
  A warg (shapeshifter) (Depths:4)
  A steam dragon (D:11)
  9 insubstantial wisps
  A swamp worm (shapeshifter) (Zig:14)
  23 swamp worms
  A soldier ant (D:11)
  3 nagas (Zig:15)
  9 wargs
  A deep troll zombie (Vaults:3)
  A naga (shapeshifter) (Zig:14)
  An acid dragon (Vaults:2)
  10 water moccasins
  A water moccasin (shapeshifter) (Depths:1)
  3 hell hounds
  A floating eye (shapeshifter) (Zig:12)
  2 infernal demonspawn skeletons
  9 porcupines
  A floating eye (Depths:5)
  44 orc warriors
  A torturous demonspawn skeleton (Crypt:2)
  15 swamp drakes
  An elephant zombie (Crypt:1)
  7 black bears
  14 eyes of draining
  An ice beast (shapeshifter) (Vaults:5)
  2 phantoms
  A black bear (shapeshifter) (Depths:2)
  A snapping turtle zombie (Crypt:3)
  9 necrophages
  3 ice beasts
  A sky beast (D:14)
  4 ettin simulacra
  A fire dragon simulacrum (Crypt:3)
  8 boggarts
  An elf zombie (Vaults:5)
  A hornet zombie (D:13)
  61 ogres
  28 centaurs
  27 wolves
  A swamp dragon skeleton (Pan)
  13 crocodiles
  A snapping turtle skeleton (Crypt:2)
  3 crocodiles (shapeshifter)
  6 big kobolds
  A big kobold (shapeshifter) (Depths:2)
  A gnoll sergeant (D:12)
  A komodo dragon zombie (Swamp:2)
  15 bullfrogs
  An earth elemental (Elf:1)
  3 wyvern skeletons
  3 scorpions
  23 killer bees
  9 wights
  4 electric eels
  2 howler monkeys
  2 jellies
  3 crimson imps
  A quasit (D:13)
  2 bullfrog zombies
  18 orc priests
  7 hounds
  2 bullfrog skeletons (D:6)
  Natasha (twice) (D:2)
  9 iguanas
  26 orc wizards
  14 worker ants
  A sky beast zombie (Crypt:1)
  2 crocodile zombies (Swamp:2)
  2 hound zombies
  8 mummies
  A hound skeleton (D:8)
  2 worker ant zombies
  Robin (D:2)
  12 adders
  8 gnolls
  A howler monkey skeleton (D:4)
  A shadow imp (D:6)
  A white imp (Vaults:2)
  A swamp drake simulacrum (Swamp:2)
  An ufetubus (Vaults:1)
  2 adder skeletons
  An iguana skeleton (Crypt:2)
  3 worms (D:3)
  4 dart slugs
  8 leopard geckos
  102 orcs
  3 ball pythons
  10 bats
  4 giant cockroaches
  13 goblins
  8 hobgoblins
  12 jackals
  5 quokkas
  A ball python (shapeshifter) (Zig:20)
  6 frilled lizards
  A jackal zombie (D:6)
  23 kobolds
  A quokka skeleton (D:5)
  4 rats
  A river rat skeleton (Crypt:2)
  A bush (Zig:26)
  12 crawling corpses
  2 fungi (Lair:6)
  6 plants
3058 creatures vanquished.

Vanquished Creatures (collateral kills)
  Jorgrun (Spider:3)
  A storm dragon (Vaults:2)
  An entropy weaver (Spider:4)
  A deep elf annihilator (Vaults:2)
  A spark wasp (Spider:4)
  A two-headed ogre (Vaults:2)
  An alligator (Swamp:1)
  A deep troll (Vaults:2)
  2 deep elf archers
  2 ugly things (Vaults:2)
  4 orb spiders (Spider:4)
  3 deep elf magi
  2 wolf spiders
  A human zombie (Vaults:3)
  A torpor snail (Spider:4)
  A gargoyle (D:15)
  2 yaktaurs (Vaults:2)
  A demonic crawler (Spider:4)
  4 jumping spiders (Spider:4)
  A harpy skeleton (D:15)
  A hippogriff (D:15)
  12 redbacks
  2 tarantellas (Spider:4)
  A basilisk (D:15)
  An ogre (Vaults:2)
  A centaur (Vaults:3)
  A bullfrog (D:15)
  An orc (D:15)
52 creatures vanquished.

Vanquished Creatures (others)
  A golden dragon (Zig:25)
  A titan (Zig:17)
  An eldritch tentacle (Zig:11)
  A draconian knight (Zig:22)
  A draconian scorcher (Zig:22)
  A draconian shifter (Zig:22)
  An ironheart preserver (Zig:20)
  A deep elf annihilator (Elf:3)
  2 spark wasps (Zig:21)
  2 deep elf death magi
  A spriggan air mage (Zig:21)
  2 hydras (Zig:19)
  A merfolk aquamancer (Zig:16)
  A deep elf knight (Vaults:4)
  A spriggan druid (Swamp:4)
  A mana viper (Depths:2)
  2 deep elf magi (Elf:1)
  A hellion (Zig:26)
  4 merfolk (Zig:16)
  2 tyrant leeches (Zig:19)
  A hornet (Zig:19)
  A blink frog (Swamp:4)
  2 slime creatures (Zig:19)
  3 raiju (Zig:21)
  A human simulacrum (Vaults:2)
  An air elemental (Zig:21)
  A yak (Zig:10)
  A tarantella (shapeshifter) (Zig:20)
  2 humans (D:13)
  A water elemental (Elf:2)
  A vampire mosquito (Zig:25)
  An insubstantial wisp (Zig:21)
  2 orc warriors
  An ogre (Vaults:4)
  2 centaurs (D:13)
  An orc wizard (D:13)
  5 orcs
  2 bushes (Zig:26)
  A crawling corpse (Vaults:5)
  23 fungi
  40 plants
121 creatures vanquished.

Grand Total: 3231 creatures vanquished

Notes
Turn   | Place    | Note
-------+----------+-------------------------------------------
     0 | D:1      | dillydally the Barachi Warper began the quest for the Orb.
     0 | D:1      | Reached XP level 1. HP: 17/17 MP: 3/3
   115 | D:1      | Reached XP level 2. HP: 23/23 MP: 5/5
   597 | D:2      | Reached skill level 1 in Stealth
   605 | D:2      | Reached XP level 3. HP: 19/28 MP: 6/6
   829 | D:2      | Found a hazy altar of Hepliaklqana.
   936 | D:2      | Found a glowing golden altar of the Shining One.
   939 | D:2      | Noticed Natasha
   947 | D:2      | Killed Natasha
   947 | D:2      | Reached XP level 4. HP: 35/35 MP: 7/7
  1124 | D:2      | Found a white marble altar of Elyvilon.
  1223 | D:2      | Noticed Natasha
  1243 | D:2      | Killed Natasha
  1271 | D:1      | Reached XP level 5. HP: 6/41 MP: 8/8
  1763 | D:2      | Noticed Robin
  1779 | D:2      | Noticed Natasha
  1997 | D:2      | Killed Robin
  3406 | D:4      | Reached XP level 6. HP: 21/48 MP: 9/9
  3626 | D:4      | Found a staircase to the Ecumenical Temple.
  3641 | Temple   | Entered the Ecumenical Temple
  3830 | Temple   | Became a worshipper of Cheibriados the Contemplative
  4034 | D:4      | HP: 2/72 [poisoned by an adder]
  4363 | D:4      | Reached skill level 1 in Invocations
  4514 | D:4      | Reached * piety under Cheibriados
  4960 | D:4      | Found Ucvom's Gadget Shoppe.
  5307 | D:4      | Found a sacrificial altar of Ru.
  5317 | D:4      | Noticed a necrophage
  5331 | D:4      | Killed a necrophage
  5331 | D:4      | Reached XP level 7. HP: 53/55 MP: 10/10
  5786 | D:5      | Entered Level 5 of the Dungeon
  6046 | D:5      | Got a bone lajatang
  6047 | D:5      | Identified the +6 lajatang "Sagos" {freeze, rC+} (You found it on level 5 of the Dungeon)
  6059 | D:5      | Reached ** piety under Cheibriados
  6404 | D:5      | Reached skill level 5 in Fighting
  6662 | D:5      | Found a shadowy altar of Dithmenos.
  6712 | D:5      | Reached XP level 8. HP: 57/62 MP: 11/11
  6885 | D:6      | Found Kaluhati's Profane Products.
  6887 | D:6      | Found an ancient bone altar of Kikubaaqudgha.
  6935 | D:6      | Reached skill level 5 in Axes
  7069 | D:6      | Reached *** piety under Cheibriados
  7104 | D:6      | Reached skill level 5 in Armour
  7356 | D:6      | Found Vant's Antique Armour Shop.
  7766 | D:7      | Reached XP level 9. HP: 68/69 MP: 12/12
  7920 | D:7      | Reached **** piety under Cheibriados
  8005 | D:7      | Reached skill level 5 in Dodging
  8015 | D:7      | Reached skill level 5 in Stealth
  8015 | D:7      | Reached skill level 5 in Invocations
  8292 | D:7      | Reached XP level 10. HP: 79/79 MP: 13/13
  8313 | D:7      | Found a bloodstained altar of Trog.
  8644 | D:7      | Reached ***** piety under Cheibriados
  8889 | D:8      | Noticed a two-headed ogre
  8911 | D:7      | Killed a two-headed ogre
  9473 | D:8      | Found an ancient bone altar of Kikubaaqudgha.
  9479 | D:8      | Found a burning altar of Makhleb.
  9600 | D:8      | Noticed a two-headed ogre
  9604 | D:8      | Killed a two-headed ogre
  9604 | D:8      | Reached XP level 11. HP: 65/87 MP: 9/15
  9755 | D:9      | Noticed a two-headed ogre
  9763 | D:9      | Killed a two-headed ogre
 10083 | D:9      | Found a bloodstained altar of Trog.
 10276 | D:9      | Found Eghaax's Assorted Antiques.
 10279 | D:9      | Bought a scroll of identify for 46 gold pieces
 10427 | D:9      | Noticed Prince Ribbit
 10430 | D:9      | Killed Prince Ribbit
 10473 | D:9      | Found a radiant altar of Vehumet.
 10524 | D:9      | Reached ****** piety under Cheibriados
 10669 | D:9      | Noticed a two-headed ogre
 10677 | D:9      | Killed a two-headed ogre
 11065 | D:10     | Entered Level 10 of the Dungeon
 11835 | D:11     | Noticed a two-headed ogre
 12136 | D:11     | Killed a two-headed ogre
 12155 | D:11     | Found Efuhur's Antique Weapon Shoppe.
 12373 | D:11     | Found a staircase to the Lair.
 12436 | D:11     | Reached XP level 12. HP: 94/97 MP: 17/17
 12447 | Lair:1   | Entered Level 1 of the Lair of Beasts
 12447 | Lair:1   | Noticed Erica
 12460 | Lair:1   | Killed Erica
 12634 | Lair:1   | Reached skill level 10 in Fighting
 14093 | Lair:2   | Reached skill level 10 in Armour
 14529 | Lair:2   | Found a staircase to the Swamp.
 15343 | Lair:3   | Learned a level 2 spell: Blink
 15346 | Lair:3   | Learned a level 1 spell: Apportation
 15998 | Lair:4   | Reached skill level 1 in Shields
 16509 | Lair:4   | Reached skill level 10 in Axes
 16651 | Lair:4   | Noticed a catoblepas
 17114 | D:11     | Gained mutation: You can hop long distances. [Barachi growth]
 17114 | D:11     | Reached XP level 13. HP: 85/105 MP: 19/19
 17884 | D:12     | Got a smoking mace
 17893 | D:12     | Noticed an iron dragon
 17894 | D:12     | Found the +6 shillelagh "Devastator" {shatter}
 17905 | D:11     | Identified the +9 mace of Imminent Death {crush, *Corrode rPois rN++ Dex+2} (You found it on level 12 of the Dungeon)
 18481 | Lair:4   | Noticed a fire dragon
 18564 | Lair:4   | Found a hole to the Spider Nest.
 18972 | Lair:4   | Found the -2 hat of the Alchemist {rElec rPois rF+ rC+ rN+ MR+ rMut rCorr}
 19257 | Lair:4   | Killed a fire dragon
 19257 | Lair:4   | Reached skill level 5 in Shields
 19648 | Lair:5   | Noticed Josephine
 19739 | Lair:5   | Killed Josephine
 20003 | Lair:5   | Reached skill level 10 in Dodging
 20092 | Lair:5   | Found a frozen archway.
 21674 | Lair:5   | Found a burning altar of Makhleb.
 21731 | Lair:5   | Reached XP level 14. HP: 106/114 MP: 20/20
 22029 | Lair:6   | Entered Level 6 of the Lair of Beasts
 22036 | Lair:6   | Noticed drazt1k's ghost (journeyman FoAK)
 22058 | Lair:6   | Killed drazt1k's ghost
 24869 | Lair:6   | Found a staircase to the Slime Pits.
 27991 | D:12     | Found a staircase to the Orcish Mines.
 28012 | D:12     | Reached skill level 10 in Shields
 28064 | Orc:1    | Entered Level 1 of the Orcish Mines
 28276 | Orc:1    | Identified 2 scrolls of acquirement
 28297 | Orc:1    | Got a dazzling executioner's axe
 28305 | Orc:1    | Identified the +11 executioner's axe of Tabierec {flame, rElec Str+7 Stlth+} (You acquired it on level 1 of the Orcish Mines)
 28324 | Orc:2    | Entered Level 2 of the Orcish Mines
 28324 | Orc:2    | Found a staircase to the Elven Halls.
 28329 | Orc:2    | Noticed Azrael
 28335 | Orc:1    | Reached XP level 15. HP: 94/122 MP: 21/21
 28690 | Orc:2    | Noticed Nessos
 28912 | Orc:1    | Killed Azrael
 29781 | Orc:2    | Killed Nessos
 29784 | Orc:2    | Noticed Donald
 29834 | Orc:2    | Killed Donald
 29988 | Orc:2    | Found Gevaec's Weapon Shoppe.
 31576 | Orc:2    | Found Wiofih's Antique Weapon Emporium.
 31576 | Orc:2    | Found Enle's Food Shop.
 31577 | Orc:2    | Found Moocogaf's Armour Shop.
 31577 | Orc:2    | Found Vanireef's Antique Weapon Shoppe.
 31590 | Orc:2    | Bought a +4 plate armour of magic resistance for 550 gold pieces
 31935 | Orc:2    | Bought a broad axe for 88 gold pieces
 32070 | D:12     | Killed an iron dragon
 33046 | D:13     | Noticed Kirke
 33066 | D:12     | Killed Kirke
 33233 | D:13     | Noticed Sonja
 33655 | D:13     | Killed Sonja
 34044 | D:13     | Reached XP level 16. HP: 132/132 MP: 22/22
 34407 | D:14     | Noticed Roxanne
 34611 | D:14     | Killed Roxanne
 34875 | D:14     | Found a gate to the Vaults.
 35263 | D:6      | Bought the cursed +14 obsidian axe {chop, +Fly SInv *Curse} for 1121 gold pieces
 35263 | D:6      | Found the cursed +14 obsidian axe {chop, +Fly SInv *Curse}
 35417 | D:15     | Entered Level 15 of the Dungeon
 35467 | D:15     | Found a staircase to the Depths.
 36652 | Spider:1 | Entered Level 1 of the Spider Nest
 36800 | D:9      | Bought a ruby potion for 20 gold pieces
 36811 | D:9      | Bought a scratched cabochon ring for 115 gold pieces
 36967 | Spider:1 | Upgraded the game from 0.21-a0-529-g8c7b3f5 to 0.21-a0-531-gacddea6
 38545 | Spider:3 | Noticed Louise
 38568 | Spider:3 | Killed Louise
 38614 | Spider:3 | Noticed Jorgrun
 38622 | Spider:3 | Killed Jorgrun
 38955 | Spider:4 | Entered Level 4 of the Spider Nest
 39310 | Spider:4 | Reached XP level 17. HP: 116/140 MP: 23/23
 40044 | Spider:4 | Reached skill level 10 in Stealth
 40616 | Spider:4 | Got a gossamer rune of Zot
 40825 | Swamp:1  | Entered Level 1 of the Swamp
 41551 | Swamp:2  | Paralysed by a hornet for 3 turns
 42402 | Swamp:2  | Reached skill level 15 in Fighting
 43229 | Swamp:3  | Reached skill level 15 in Armour
 43437 | Swamp:4  | Entered Level 4 of the Swamp
 43909 | Swamp:4  | Reached XP level 18. HP: 140/149 MP: 24/24
 44864 | Swamp:4  | Got a decaying rune of Zot
 45203 | Vaults:1 | Entered Level 1 of the Vaults
 45419 | Vaults:1 | Reached skill level 15 in Shields
 47221 | Vaults:2 | Reached skill level 15 in Axes
 47415 | Vaults:2 | Reached XP level 19. HP: 148/157 MP: 25/25
 47619 | Vaults:2 | Noticed a caustic shrike
 47619 | Vaults:2 | a shadow dragon changed into a caustic shrike
 47620 | Vaults:2 | a caustic shrike changed into a quicksilver dragon
 47648 | Vaults:2 | Reached skill level 15 in Dodging
 48098 | Vaults:2 | Found Xamorupa's Food Emporium.
 48576 | Vaults:3 | Found a staircase to the Crypt.
 48654 | Vaults:3 | Noticed Frederick
 48685 | Vaults:3 | Killed Frederick
 48902 | Vaults:3 | Noticed Xtahua
 48913 | Vaults:3 | Killed Xtahua
 49272 | Vaults:3 | Noticed Saint Roka
 49286 | Vaults:3 | Killed Saint Roka
 49537 | Vaults:3 | Noticed Nikola
 49554 | Vaults:3 | Killed Nikola
 49682 | Vaults:3 | Reached XP level 20. HP: 164/168 MP: 26/26
 50409 | Vaults:4 | Found Gozag's Assorted Antiques.
 50423 | Vaults:4 | Found Gozag's Antique Weapon Boutique.
 50424 | Vaults:4 | Found an opulent altar of Gozag.
 50471 | Vaults:4 | Found Gozag's Assorted Antiques.
 50606 | Vaults:4 | Bought a distressingly furry shield for 950 gold pieces
 50620 | Vaults:4 | Identified the +2 shield of Intercession {Regen+ rCorr Int+2} (You bought it in a shop on level 4 of the Vaults)
 51585 | Depths:1 | Entered Level 1 of the Depths
 51775 | Depths:1 | Reached XP level 21. HP: 177/177 MP: 27/27
 52259 | Depths:1 | Found a gateway to Hell.
 53046 | Depths:2 | Found Doulal's Food Emporium.
 53211 | Depths:2 | Found a runed door.
 53280 | Depths:2 | Found a runed door.
 54005 | Depths:3 | Found a one-way gate leading to the halls of Pandemonium.
 54202 | Depths:3 | Reached XP level 22. HP: 186/186 MP: 28/28
 55464 | Depths:4 | Found a one-way gate to the infinite horrors of the Abyss.
 55697 | Depths:5 | Entered Level 5 of the Depths
 55761 | Depths:5 | Noticed a juggernaut
 55785 | Depths:5 | Reached skill level 5 in Spellcasting
 55787 | Depths:5 | Killed a juggernaut
 56074 | Depths:5 | Found a gateway to a ziggurat.
 56169 | Depths:5 | Found a gate to the Realm of Zot.
 56170 | Depths:5 | Noticed a golden dragon
 56182 | Depths:5 | Reached XP level 23. HP: 194/194 MP: 31/31
 56182 | Depths:5 | Killed a golden dragon
 56282 | Depths:5 | Noticed a golden dragon
 56282 | Depths:5 | Paralysed by a floating eye for 4 turns
 56297 | Depths:5 | Killed a golden dragon
 57061 | Vaults:5 | Entered Level 5 of the Vaults
 57061 | Vaults:5 | Noticed a golden dragon
 57085 | Vaults:5 | Noticed a golden dragon
 57086 | Vaults:5 | Killed a golden dragon
 57099 | Vaults:5 | Noticed a golden dragon
 57111 | Vaults:5 | Killed a golden dragon
 57115 | Vaults:5 | Killed a golden dragon
 57204 | Vaults:5 | Found the +2 robe of Vines {NoPotionHeal Regen+7}
 57208 | Vaults:5 | Identified the Handbook of the Earthen Traveller
 57253 | Vaults:5 | Got a silver rune of Zot
 57671 | Vaults:5 | Reached XP level 24. HP: 204/204 MP: 34/34
 58562 | Vaults:5 | Learned a level 5 spell: Fireball
 58924 | Vaults:3 | Learned a level 1 spell: Freeze
 58935 | Vaults:3 | Learned a level 9 spell: Shatter
 59218 | Elf:1    | Entered Level 1 of the Elven Halls
 59365 | Elf:1    | Reached skill level 1 in Conjurations
 59365 | Elf:1    | Reached skill level 1 in Fire Magic
 59375 | Elf:1    | Reached skill level 1 in Ice Magic
 59413 | Elf:1    | Reached skill level 1 in Earth Magic
 60123 | Elf:2    | Reached skill level 2 in Ice Magic
 60221 | Elf:2    | Found a runed gate.
 60221 | Elf:2    | Found a runed gate.
 60238 | Elf:2    | Found a runed gate.
 60318 | Elf:2    | Reached XP level 25. HP: 212/212 MP: 36/36
 60688 | Elf:2    | Reached skill level 3 in Ice Magic
 61060 | Elf:3    | Entered Level 3 of the Elven Halls
 61219 | Elf:3    | Noticed Aizul
 61678 | Elf:3    | Reached skill level 4 in Ice Magic
 61697 | Elf:3    | Killed Aizul
 61700 | Elf:3    | Reached skill level 5 in Ice Magic
 61753 | Elf:3    | Reached skill level 10 in Spellcasting
 61861 | Elf:3    | Got a pitted turquoise ring
 61878 | Elf:3    | Identified the Almanac of Transmigration and Evil
 61880 | Elf:3    | Identified the Almanac of Ashen Dark Rites
 61968 | Elf:3    | Reached skill level 5 in Conjurations
 61980 | Elf:3    | Identified the Compendium of Harmful Snow
 62027 | Elf:3    | Identified the ring of Ofit {rF++ rN+ Str-2 Int+3 Dex+3} (You took it off a deep elf high priest on level 3 of the Elven Halls)
 62087 | Elf:3    | Got an ancient iron ring
 62111 | Elf:3    | Got a pair of brightly glowing gloves
 62122 | Elf:3    | Identified the +1 pair of gloves of Lougoxto {Str+4 Dex+3} (You found it on level 3 of the Elven Halls)
 62125 | Elf:3    | Got a steaming golden amulet
 62135 | Elf:3    | Got a bound crystal amulet
 62143 | Elf:3    | Got a distressingly furry plate armour
 62258 | Elf:3    | Identified the +7 plate armour "Oweyqymo" {*Corrode rPois Stlth+} (You found it on level 3 of the Elven Halls)
 62275 | Elf:3    | Identified the ring of Divine Compulsion {rN+ Str+4 Dex+3 Slay+2} (You found it on level 3 of the Elven Halls)
 62277 | Elf:3    | Identified the amulet "Sorent" {Faith Int+2} (You found it on level 3 of the Elven Halls)
 62279 | Elf:3    | Identified the amulet of Liberalism {Reflect Dex+4 SH+3} (You found it on level 3 of the Elven Halls)
 62717 | Crypt:1  | Entered Level 1 of the Crypt
 62747 | Crypt:1  | Reached skill level 5 in Fire Magic
 63068 | Crypt:1  | Reached XP level 26. HP: 216/222 MP: 37/37
 63505 | Crypt:2  | Noticed Mennas
 63540 | Crypt:2  | Killed Mennas
 63540 | Crypt:2  | Reached skill level 6 in Ice Magic
 63540 | Crypt:2  | Reached skill level 5 in Earth Magic
 63750 | Crypt:2  | Noticed an ancient lich
 63757 | Crypt:2  | Killed an ancient lich
 64350 | Crypt:3  | Entered Level 3 of the Crypt
 64563 | Crypt:3  | Found a basalt altar of Yredelemnul.
 64605 | Crypt:3  | Reached skill level 7 in Ice Magic
 65263 | Crypt:3  | Got a clouded wooden ring
 65264 | Crypt:3  | Identified the ring "Nasiduab" {rN+ Dex+5} (You found it on level 3 of the Crypt)
 65595 | Crypt:3  | Found a staircase to the Tomb.
 65595 | Crypt:3  | Noticed Khufu
 65607 | Crypt:3  | Killed Khufu
 66157 | Slime:1  | Entered Level 1 of the Pits of Slime
 66209 | Slime:3  | Noticed Dissolution
 66225 | Slime:3  | Killed Dissolution
 66225 | Slime:3  | Reached skill level 8 in Ice Magic
 66348 | Slime:3  | Gained mutation: Armour fits poorly on your strangely shaped body. [a shining eye]
 66349 | Slime:3  | Gained mutation: You are frail. (-10% HP) [a shining eye]
 66352 | Slime:3  | Gained mutation: You tend to lose your temper in combat. [a shining eye]
 66355 | Slime:3  | Gained mutation: Scrolls take you a little longer to read. [a shining eye]
 66364 | Slime:3  | Gained mutation: Your spells are a little easier to cast, but a little less powerful. [a shining eye]
 66420 | Slime:3  | Gained mutation: Scrolls take you longer to read. [a shining eye]
 66425 | Slime:3  | Gained mutation: Your muscles are strong. (Str +2) [a shining eye]
 66467 | Slime:4  | Reached XP level 27. HP: 202/202 MP: 38/38
 66511 | Slime:5  | Entered Level 5 of the Pits of Slime
 66944 | Slime:5  | Found a viscous altar of Jiyva.
 67001 | Slime:5  | Noticed the Royal Jelly
 67022 | Slime:4  | Lost mutation: You tend to lose your temper in combat. [potion of mutation]
 67022 | Slime:4  | Lost mutation: Armour fits poorly on your strangely shaped body. [potion of mutation]
 67022 | Slime:4  | Gained mutation: You are somewhat resistant to further mutation. [potion of mutation]
 67078 | Slime:5  | Killed the Royal Jelly
 67214 | Slime:5  | Got a slimy rune of Zot
 67246 | Slime:5  | Got a crude emerald amulet
 67301 | Slime:5  | Identified the amulet of the Vendetta {RegenMP Dex+7 Stlth+} (You found it on level 5 of the Pits of Slime)
 67329 | Slime:5  | Got a pair of crude boots
 67335 | Slime:5  | Identified the +1 pair of boots of the Distant Future {rC+ Str+5} (You found it on level 5 of the Pits of Slime)
 67365 | Slime:5  | Lost mutation: You are frail. (-10% HP) [potion of mutation]
 67366 | Slime:5  | Lost mutation: Your spells are a little easier to cast, but a little less powerful. [potion of mutation]
 67366 | Slime:5  | Lost mutation: Scrolls take you longer to read. [potion of mutation]
 67366 | Slime:5  | Gained mutation: You are partially covered in yellow scales. (AC +2) [potion of mutation]
 67366 | Slime:5  | Gained mutation: You have sharp toenails. [potion of mutation]
 67366 | Slime:5  | Gained mutation: Your body sometimes deteriorates upon taking damage. [potion of mutation]
 67367 | Slime:5  | Lost mutation: Your muscles are strong. (Str +2) [potion of mutation]
 67367 | Slime:5  | Lost mutation: You are somewhat resistant to further mutation. [potion of mutation]
 67367 | Slime:5  | Gained mutation: You are covered in fur. (AC +1) [potion of mutation]
 67367 | Slime:5  | Gained mutation: You are surrounded by a mild repulsion field. (EV +2) [potion of mutation]
 67822 | Zig:1    | Entered Level 1 of a ziggurat
 67858 | Zig:2    | Entered Level 2 of a ziggurat
 67880 | Zig:3    | Entered Level 3 of a ziggurat
 67892 | Zig:3    | Reached skill level 9 in Ice Magic
 67911 | Zig:4    | Entered Level 4 of a ziggurat
 67912 | Zig:4    | Noticed a greater mummy
 67928 | Zig:4    | Killed a greater mummy
 67936 | Zig:4    | Got a slimy helmet
 68167 | Zig:5    | Entered Level 5 of a ziggurat
 68195 | Zig:5    | Got a scintillating ivory ring
 68196 | Zig:5    | Identified the Disquisition on Transmutation
 68208 | Zig:5    | Identified the +1 helmet "Wathol" {rElec rN+ Slay+2 Stlth+} (You found it on level 4 of a ziggurat)
 68210 | Zig:5    | Identified the ring "Irawuona" {rF+ rC+ AC+1} (You found it on level 5 of a ziggurat)
 68300 | Zig:6    | Entered Level 6 of a ziggurat
 68308 | Zig:6    | Identified the Guide on Heat
 68360 | Zig:6    | Got a shimmering steel ring
 68364 | Zig:6    | Identified the ring "Xequew" {AC+6 Str+2} (You found it on level 6 of a ziggurat)
 68373 | Zig:6    | Got a twitching silver ring
 68376 | Zig:6    | Identified the ring "Akhlel" {Ice -Tele rN++ Int+4 Stlth+} (You found it on level 6 of a ziggurat)
 68383 | Zig:7    | Entered Level 7 of a ziggurat
 68413 | Zig:7    | Identified the Guide on Doomed Transmigration
 68441 | Zig:7    | Lost mutation: Scrolls take you a little longer to read. [potion of mutation]
 68441 | Zig:7    | Lost mutation: You are surrounded by a mild repulsion field. (EV +2) [potion of mutation]
 68441 | Zig:7    | Lost mutation: Your body sometimes deteriorates upon taking damage. [potion of mutation]
 68441 | Zig:7    | Gained mutation: Your spells are a little easier to cast, but a little less powerful. [potion of mutation]
 68441 | Zig:7    | Gained mutation: You have a somewhat thin skeletal structure. (Dex +2, Stealth) [potion of mutation]
 68477 | Zig:8    | Entered Level 8 of a ziggurat
 68479 | Zig:8    | Noticed an ancient lich
 68501 | Zig:8    | Killed an ancient lich
 68501 | Zig:8    | Reached skill level 10 in Ice Magic
 68541 | Zig:8    | Identified Ohiecis's Guide on Mutagenic Cold
 68572 | Zig:9    | Entered Level 9 of a ziggurat
 68608 | Zig:9    | Identified Sif Muna's Tome of Summoning
 68618 | Zig:10   | Entered Level 10 of a ziggurat
 68673 | Zig:10   | Found the ring of Shadows {Umbra +Inv Stlth+}
 68687 | Zig:10   | Identified the Compendium of Creation and Venom
 68706 | Zig:10   | Got a dazzling plate armour
 68713 | Zig:10   | Identified the +6 plate armour of the King of the Hill {MR+} (You found it on level 10 of a ziggurat)
 68732 | Zig:11   | Entered Level 11 of a ziggurat
 68736 | Zig:11   | Noticed Ylihoec the pandemonium lord
 68746 | Zig:11   | Noticed Hacasuef the pandemonium lord
 68758 | Zig:11   | Killed Ylihoec the pandemonium lord
 68766 | Zig:11   | Reached skill level 10 in Conjurations
 68770 | Zig:11   | Killed Hacasuef the pandemonium lord
 68770 | Zig:11   | Reached skill level 10 in Fire Magic
 68793 | Zig:11   | Reached skill level 11 in Ice Magic
 68824 | Zig:11   | Identified Toest's Compendium of Beguiling
 68833 | Zig:11   | Learned a level 6 spell: Invisibility
 68833 | Zig:11   | Identified the Collected Works on Calling
 68846 | Zig:12   | Entered Level 12 of a ziggurat
 68857 | Zig:12   | Found the amulet of Vitality {Regen+ HP+15}
 68884 | Zig:12   | Reached skill level 1 in Hexes
 69141 | Zig:12   | Learned a level 9 spell: Tornado
 69163 | Zig:13   | Entered Level 13 of a ziggurat
 69188 | Zig:14   | Entered Level 14 of a ziggurat
 69221 | Zig:14   | Noticed an ancient lich
 69244 | Zig:14   | Killed an ancient lich
 69244 | Zig:14   | Reached skill level 1 in Air Magic
 69307 | Zig:14   | Found the +3 robe of Clouds {+Fly rElec}
 69327 | Zig:14   | Identified the Disquisition on Air and Stones
 69330 | Zig:14   | Got a wavering glass ring
 69332 | Zig:14   | Got a smoking plate armour
 69338 | Zig:14   | Identified the ring of Ceyp Quts {*Tele rC++ Str+4} (You found it on level 14 of a ziggurat)
 69339 | Zig:14   | Identified the cursed +1 plate armour "Yjagoq" {rPois Str+5} (You found it on level 14 of a ziggurat)
 69349 | Zig:15   | Entered Level 15 of a ziggurat
 69365 | Zig:15   | Reached skill level 10 in Earth Magic
 69375 | Zig:15   | Found the +3 Elemental Staff {rElec rF++ rC++ MR++ AC+5}
 69462 | Zig:15   | Got a pitted ruby amulet
 69467 | Zig:15   | Identified the amulet of Dugoaneg {RegenMP +Inv rC+} (You found it on level 15 of a ziggurat)
 69498 | Zig:16   | Entered Level 16 of a ziggurat
 69527 | Zig:16   | Reached skill level 12 in Ice Magic
 69648 | Zig:16   | Identified the Compendium of Shifting Boosts
 69664 | Zig:17   | Entered Level 17 of a ziggurat
 69671 | Zig:17   | Noticed a juggernaut
 69671 | Zig:17   | Noticed a juggernaut
 69672 | Zig:17   | Noticed a juggernaut
 69672 | Zig:17   | Noticed a juggernaut
 69672 | Zig:17   | Noticed a juggernaut
 69674 | Zig:17   | Noticed a juggernaut
 69677 | Zig:17   | Noticed a juggernaut
 69684 | Zig:17   | Killed a juggernaut
 69686 | Zig:17   | Noticed a juggernaut
 69691 | Zig:17   | Killed a juggernaut
 69692 | Zig:17   | Killed a juggernaut
 69693 | Zig:17   | Killed a juggernaut
 69698 | Zig:17   | Killed a juggernaut
 69704 | Zig:17   | Killed a juggernaut
 69709 | Zig:17   | Killed a juggernaut
 69724 | Zig:17   | Killed a juggernaut
 69724 | Zig:17   | Reached skill level 13 in Ice Magic
 69760 | Zig:17   | Identified Sif Muna's Grimoire of the Noxious Frostbite
 69778 | Zig:17   | Got a scorched golden ring
 69790 | Zig:17   | Identified the ring of Kisafeall {AC+3 SInv} (You found it on level 17 of a ziggurat)
 69799 | Zig:18   | Entered Level 18 of a ziggurat
 69831 | Zig:18   | Reached skill level 5 in Hexes
 69841 | Zig:18   | Reached skill level 5 in Air Magic
 69850 | Zig:18   | Found the +8 glaive of the Guard {elec, +Rage AC+5 SInv}
 69874 | Zig:18   | Got a glittering garnet amulet
 69911 | Zig:18   | Learned a level 9 spell: Fire Storm
 69921 | Zig:18   | Learned a level 9 spell: Glaciate
 69921 | Zig:18   | Reached skill level 14 in Ice Magic
 69923 | Zig:18   | Reached skill level 15 in Spellcasting
 69923 | Zig:18   | Reached skill level 15 in Ice Magic
 69943 | Zig:19   | Entered Level 19 of a ziggurat
 69978 | Zig:19   | Reached skill level 16 in Ice Magic
 70072 | Zig:19   | Identified the amulet of Arrival {Inacc rN+ Int+2} (You found it on level 18 of a ziggurat)
 70078 | Zig:20   | Entered Level 20 of a ziggurat
 70099 | Zig:20   | Noticed an ancient lich
 70102 | Zig:20   | Noticed an ancient lich
 70105 | Zig:20   | Noticed an ancient lich
 70113 | Zig:20   | Noticed an ancient lich
 70115 | Zig:20   | Killed an ancient lich
 70129 | Zig:20   | Killed an ancient lich
 70130 | Zig:20   | Killed an ancient lich
 70139 | Zig:20   | Noticed an ancient lich
 70141 | Zig:20   | Killed an ancient lich
 70150 | Zig:20   | Killed an ancient lich
 70261 | Zig:20   | Lost mutation: You are covered in fur. (AC +1) [potion of mutation]
 70261 | Zig:20   | Lost mutation: You have sharp toenails. [potion of mutation]
 70261 | Zig:20   | Lost mutation: You have a somewhat thin skeletal structure. (Dex +2, Stealth) [potion of mutation]
 70261 | Zig:20   | Gained mutation: Your flesh is cold resistant. (rC+) [potion of mutation]
 70284 | Zig:21   | Entered Level 21 of a ziggurat
 70298 | Zig:21   | Reached skill level 17 in Ice Magic
 70350 | Zig:21   | Found the +12 glaive of Prune {chop}
 70366 | Zig:21   | Got a scorched crystal amulet
 70367 | Zig:21   | Identified the amulet of Lesser Demons {Inacc Fragile +Blink SInv Stlth-} (You found it on level 21 of a ziggurat)
 70422 | Zig:22   | Entered Level 22 of a ziggurat
 70462 | Zig:22   | Reached skill level 15 in Conjurations
 70497 | Zig:22   | Reached skill level 15 in Fire Magic
 70510 | Zig:22   | Reached skill level 18 in Ice Magic
 70568 | Zig:22   | Got a brightly glowing iron ring
 70576 | Zig:22   | Identified the ring "Faloys" {rPois rF+ rC+ rN+ Dex-5 SInv} (You found it on level 22 of a ziggurat)
 70579 | Zig:22   | Got a smoking wooden ring
 70580 | Zig:22   | Identified the ring of the Dozen Realms {rN+ MP+9} (You found it on level 22 of a ziggurat)
 70606 | Zig:22   | Learned a level 8 spell: Ignition
 70631 | Zig:22   | Got a shimmering glass ring
 70632 | Zig:22   | Identified the ring "Osheach" {Ice Int+3} (You found it on level 22 of a ziggurat)
 70639 | Zig:23   | Entered Level 23 of a ziggurat
 70665 | Zig:23   | Reached skill level 19 in Ice Magic
 70671 | Zig:23   | Found the ring of Phasing {EV+8}
 70759 | Zig:23   | Identified the Almanac of the Mountains
 70798 | Zig:23   | Got a crude plate armour
 70799 | Zig:23   | Identified the +9 plate armour of the Shrike {MR+ Str+2} (You found it on level 23 of a ziggurat)
 70828 | Zig:23   | Got a jewelled large shield
 70829 | Zig:23   | Identified the +1 large shield "Ustyaggeps" {MR++ Stlth-} (You acquired it on level 23 of a ziggurat)
 70868 | Zig:23   | Got a serpentine platinum ring
 70884 | Zig:23   | Identified the ring "Ynyn" {rF+ rC+ Str+3} (You found it on level 23 of a ziggurat)
 70886 | Zig:23   | Got a fine golden ring
 70887 | Zig:23   | Identified the ring "Runwip Xetu" {rElec Stlth-} (You found it on level 23 of a ziggurat)
 70905 | Zig:24   | Entered Level 24 of a ziggurat
 70916 | Zig:24   | Noticed a juggernaut
 70917 | Zig:24   | Noticed a juggernaut
 70917 | Zig:24   | Noticed a juggernaut
 70917 | Zig:24   | Noticed a juggernaut
 70918 | Zig:24   | Noticed a juggernaut
 70918 | Zig:24   | Noticed a juggernaut
 70918 | Zig:24   | Noticed a juggernaut
 70918 | Zig:24   | Noticed a juggernaut
 70918 | Zig:24   | Noticed a juggernaut
 70919 | Zig:24   | Noticed a juggernaut
 70920 | Zig:24   | Noticed a juggernaut
 70920 | Zig:24   | Noticed a juggernaut
 70921 | Zig:24   | Killed a juggernaut
 70923 | Zig:24   | Killed a juggernaut
 70923 | Zig:24   | Killed a juggernaut
 70923 | Zig:24   | Killed a juggernaut
 70924 | Zig:24   | Killed a juggernaut
 70925 | Zig:24   | Killed a juggernaut
 70927 | Zig:24   | Noticed a juggernaut
 70928 | Zig:24   | Killed a juggernaut
 70928 | Zig:24   | Killed a juggernaut
 70928 | Zig:24   | Killed a juggernaut
 70933 | Zig:24   | Killed a juggernaut
 70939 | Zig:24   | Killed a juggernaut
 70941 | Zig:24   | Killed a juggernaut
 70941 | Zig:24   | Reached skill level 20 in Ice Magic
 70961 | Zig:24   | Killed a juggernaut
 70999 | Zig:24   | Got a smoking lapis lazuli ring
 71020 | Zig:24   | Learned a level 2 spell: Song of Slaying
 71040 | Zig:24   | Got a clouded pewter ring
 71044 | Zig:24   | Identified the ring "Dyicsauq" {Fire *Slow rElec Dex+3 Slay+3} (You found it on level 24 of a ziggurat)
 71046 | Zig:24   | Identified the ring of the Four Wishes {rElec rF+ rC- rN++ MR+} (You found it on level 24 of a ziggurat)
 71049 | Zig:24   | Got a steaming plate armour
 71060 | Zig:24   | Identified the +4 plate armour of Meosuninn {MR+ rCorr} (You found it on level 24 of a ziggurat)
 71096 | Zig:25   | Entered Level 25 of a ziggurat
 71154 | Zig:25   | Reached skill level 21 in Ice Magic
 71175 | Zig:25   | Found the +7 great mace "Undeadhunter" {disrupt, rN+}
 71200 | Zig:25   | Got a shimmering glass ring
 71202 | Zig:25   | Identified the ring "Xaow" {Str+6 SInv} (You found it on level 25 of a ziggurat)
 71212 | Zig:25   | Got a clouded amber ring
 71216 | Zig:25   | Identified the ring "Wyste" {+Blink rN+ MP+9 SInv} (You found it on level 25 of a ziggurat)
 71229 | Zig:25   | Got a pair of warped boots
 71240 | Zig:25   | Identified the +0 pair of boots of Lucidity {Dex+6} (You found it on level 25 of a ziggurat)
 71275 | Zig:26   | Entered Level 26 of a ziggurat
 71324 | Zig:26   | HP: 7/243 [torturous warmonger/vampiric great sword (7)]
 71327 | Zig:26   | Noticed Quesesil the pandemonium lord
 71332 | Zig:26   | Found the +15 mace of Variability {chaos}
 71761 | D:8      | Fell from the grace of Cheibriados
 71761 | D:8      | Became a worshipper of Makhleb the Destroyer
 71985 | Pan      | Entered the realm of Gloorx Vloq.
 71985 | Pan      | Entered Pandemonium
 72011 | Pan      | Paralysed by the meddling of Cheibriados for 3 turns
 72119 | Pan      | Paralysed by the meddling of Cheibriados for 7 turns
 72359 | Pan      | Reached * piety under Makhleb
 72607 | Pan      | Noticed Gloorx Vloq
 72621 | Pan      | HP: 12/242 [Gloorx Vloq] (6)]
 73010 | Pan      | Killed Gloorx Vloq
 73031 | Pan      | Reached ** piety under Makhleb
 73127 | Pan      | Got a dark rune of Zot
 73348 | Pan      | Noticed Zamimo the pandemonium lord
 73373 | Pan      | Killed Zamimo the pandemonium lord
 73373 | Pan      | Reached skill level 22 in Ice Magic
 73585 | Pan      | Reached *** piety under Makhleb
 74135 | Pan      | Gained mutation: Scrolls take you a little longer to read. [a neqoxec]
 74150 | Pan      | Reached **** piety under Makhleb
 74292 | Pan      | HP: 3/243 [Brimstone Fiend/damnation (37)]
 74297 | Pan      | Killed from afar by a Brimstone Fiend

Vault maps used:
D:1:      kennysheep_arrival_seaside
D:2:      elyvilon_altar_3, nicolae_overflow_crystal_walls,
          overflow_temple_1_default, minmay_split_cup_small, uniq_natasha,
          uniq_robin
D:4:      nicolae_ru_sacrificial_ziggurat, minmay_temple_entry_grid,
          serial_shops, shop_fountains, first_bread, serial_bayou_pond_c
D:5:      grunt_dithmenos_smoke, small_statue_intersection
D:6:      serial_shops, shop, nicolae_evil_shop
D:7:      lemuel_doored_altar, grunt_livestock
D:8:      amethyst_overflow_temple_binary, kennysheep_dice
D:9:      vehumet_altar_wand_db, serial_shops, kennysheep_mini_moat,
          trog_three_pillars_becter, uniq_prince_ribbit1
D:10:     corner_web_ring
D:11:     minmay_lair_entry_grove, serial_shops, shop
D:12:     minmay_roctagon, kennysheep_orc_monster_closet_entryway,
          minmay_statue_bubble
D:13:     hangedman_decor_peaks_small, uniq_sonja, uniq_kirke
D:14:     david_vaults_5, serial_bayou_pond_d, uniq_roxanne
D:15:     grunt_enter_depths_giant_problem, hex_medium
Temple:   nicolae_temple_figure_eight
Lair:1:   infiniplex_staircase_pool, grunt_megastairs_5, uniq_erica
Lair:2:   nicolae_swamp_entry_splash_gauntlet, st_stairs_5
Lair:4:   dragon1_lemuel, spider_nest_entry_a, grunt_megastairs_1,
          serial_bayou_shore_b
Lair:5:   portal_ice_cave_entry_animals_and_master, basic_altar,
          lemuel_fruit_tree, wad_woods_river_01, uniq_josephine
Lair:6:   grunt_lair_end_beastmaster, slime_dummy, st_stairs_5,
          lookout_lair_type
Swamp:1:  evilmike_swamp_ruin_house_3
Swamp:2:  nicolae_swamp_round_clearing, swamp_pool3,
          nicolae_swamp_necromancer_hut
Swamp:3:  evilmike_swamp_ruin_house_1
Swamp:4:  swamp
Spider:2: hangedman_spider_tarantella_strand
Spider:3: uniq_jorgrun, uniq_louise
Spider:4: grunt_spider_rune_circles
Slime:1:  cheibrodos_slime_lost_civilization_7
Slime:3:  cheibrodos_slime_lost_civilization_10, dissolution_awaits
Slime:4:  uniq_dissolution
Orc:1:    nicolae_orc_rockfall
Orc:2:    st_orc_ogre_mass, serial_shops, shop, uniq_donald, uniq_nessos,
          uniq_azrael
Elf:1:    eino_elf_arrival_customs, hangedman_elf_represent, minivault_26
Elf:2:    corexii_hall_statues_s, serial_sigils_hangedman_gut
Elf:3:    minmay_elf_hall_hex, uniq_aizul
Vaults:1: v_alt_pattern_2, nicolae_vaults_little_squares_2,
          hangedman_vaults_pinch, v_misc_26, v_misc_10,
          nicolae_vaults_little_squares_5, vaults_room_hallway,
          nicolae_vaults_little_squares_2, vaults_dpeg_encased_lava,
          nicolae_vaults_border_crossing, serial_ice_h, vaults_room_fours,
          ontoclasm_vaults_gateway
Vaults:2: v_rooms_2, grunt_vaults_focal, hangedman_vaults_impose,
          hangedman_vaults_corner_blocks,
          nicolae_vaults_windows_and_doors_thing, v_rooms_3,
          ontoclasm_vaults_fault, v_pattern_4, v_misc_9, hangedman_vaults_nodes,
          st_smaller_cells, serial_ice_h, grunt_vaults_hallway_short,
          nicolae_vaults_ring_of_whatevers, serial_shops, nicolae_shop_trees
Vaults:3: minmay_crypt_entry_simple_box, nicolae_vaults_mini_display_case,
          nicolae_vaults_sealed_display, ontoclasm_vaults_pinch,
          vaults_room_glass_cross, nicolae_vaults_yaktaur_gun_rack,
          uniq_saint_roka, uniq_nikola, uniq_xtahua, uniq_frederick
Vaults:4: nicolae_vaults_network_star, grunt_vaults_swirl,
          nicolae_vaults_shelves_hall, ontoclasm_vaults_misaligned,
          nicolae_vaults_stairing_the_circle, vaults_mumra_chevron,
          nicolae_vaults_hallways_thing, kennysheep_vaults_gozag_temple,
          ontoclasm_vaults_shuriken, vaults_mumra_minichess_inversion,
          vaults_dpeg_ring, v_misc_5, ontoclasm_vaults_decontamination,
          nicolae_vaults_asterisk
Crypt:1:  minivault_26, grunt_megastairs_3
Crypt:2:  uniq_mennas
Crypt:3:  grunt_crypt_end_deaths_head
Depths:1: lightli_too_deep, water_maze_lemuel
Depths:2: cheibrodos_witchhunters_guild, pf_hell_entry_tar_river,
          kennysheep_decorative_pillar, serial_shops, nicolae_shop_behind_doors,
          minmay_tree_intersection, minmay_misc_feat_encased,
          minmay_misc_feat_cross, minmay_crystal_water, roderic_lattice_a
Depths:3: hangedman_elemental_death_ray, rand_demon_pan_entry_4,
          nicolae_benzene_ring, grunt_hell_entry_dis_mu
Depths:4: wad_cavern_with_rooms, pf_vacation_house_of_asmodeus,
          minmay_misc_feat_columns, abyss_entry, minmay_misc_feat_pillars
Depths:5: grunt_zot_entry_tricorne, enter_ziggurat_e, serial_sigils,
          serial_sigils_hangedman_quiver, serial_sigils_hangedman_carve,
          serial_sigils_hangedman_leer, serial_sigils_hangedman_scratch,
          serial_sigils_hangedman_stare, serial_sigils_hangedman_confine,
          hell_entry
Pan:      gloorx_vloq, evilmike_mini_pan_3x3
Zig:11:   ziggurat_pillar_centre_c
Zig:12:   ziggurat_pillar_centre_dead_trees
Zig:15:   ziggurat_pillar_centre_oklobs
Zig:17:   ziggurat_pillar_centre_smoke
Zig:26:   ziggurat_pillar_centre_more_plants

Skill      XL: |  1  2  3  4  5  6  7  8  9 10 11 12 13 14 15 16 17 18 19 20 21 22 23 24 25 26 27 |
---------------+----------------------------------------------------------------------------------+-----
Stealth        | 1 2 3 4 5 6 7 8 9 10 11 | 11.3
Armour         | 2 3 4 5 6 8 9 10 11 12 13 14 15 16 17 18 19 20 21 | 21.1
Fighting       | 3 4 5 6 7 8 9 10 11 12 13 14 15 16 17 18 19 20 21 | 21.1
Axes           | 3 4 5 6 7 9 10 11 12 13 14 15 16 17 18 19 20 | 20.3
Invocations    | 1 2 4 5 6 7 8 |  8.5
Dodging        | 3 4 5 7 8 9 10 11 12 13 14 15 16 17 18 19 20 | 20.2
Shields        | 2 7 10 12 13 14 15 16 17 18 19 20 | 20.7
Spellcasting   | 3 5 7 9 10 11 20 | 20.8
Conjurations   | 2 5 7 20 | 20.0
Fire Magic     | 2 5 7 20 | 20.1
Ice Magic      | 2 5 8 22 | 22.2
Earth Magic    | 2 4 7 11 | 11.7
Hexes          | 5 |  5.4
Air Magic      | 5 |  5.0
Throwing       | |  1.0
Translocations | |  3.2

Action                   |  1- 3 |  4- 6 |  7- 9 | 10-12 | 13-15 | 16-18 | 19-21 | 22-24 | 25-27 || total
-------------------------+-------+-------+-------+-------+-------+-------+-------+-------+-------++-------
Melee: Hand axe          |   110 |   154 |       |       |       |       |       |       |       ||   264
       War axe           |       |   174 |    58 |       |       |       |       |       |       ||   232
       Lajatang          |       |       |   164 |   590 |    94 |       |       |       |       ||   848
       Mace              |       |       |       |       |   463 |       |       |       |       ||   463
       Scimitar          |       |       |       |       |    38 |    98 |       |       |       ||   136
       Broad axe         |       |       |       |       |   586 |  1361 |  1365 |  1368 |  2106 ||  6786
       Executioner's axe |       |       |       |       |    35 |       |       |       |       ||    35
       Trishula          |       |       |       |       |       |       |       |       |   478 ||   478
Throw: Tomahawk          |       |     5 |     5 |       |       |       |       |       |       ||    10
       Javelin           |       |       |       |       |     4 |     7 |       |       |       ||    11
 Cast: Ignition          |       |       |       |       |       |       |       |       |    32 ||    32
       Blink             |       |       |       |       |       |       |       |       |     1 ||     1
Invok: Slouch            |       |       |     1 |     1 |     2 |       |     3 |     3 |    22 ||    32
 Abil: Hop               |       |       |     1 |     6 |    14 |     6 |     3 |     2 |    16 ||    48
       Evoke Invisibilit |       |       |       |       |       |       |       |       |     1 ||     1
Evoke: Wand              |       |       |       |       |     3 |       |     1 |       |       ||     4
       Phial of floods   |       |       |       |       |       |       |       |       |     1 ||     1
  Use: Potion            |     2 |     4 |       |     2 |     5 |     1 |       |     3 |    32 ||    49
       Scroll            |     2 |     1 |     6 |    10 |    22 |     9 |    12 |     7 |    54 ||   123
 Stab: Sleeping          |       |     1 |       |       |       |     3 |       |       |     3 ||     7
       Distracted        |       |       |       |       |     1 |    10 |     6 |     5 |       ||    22
       Petrified         |       |       |       |       |     9 |       |       |       |     7 ||    16
       Confused          |       |       |       |       |       |     3 |       |       |     8 ||    11
       Invisible         |       |       |       |       |       |       |       |       |    16 ||    16
       Petrifying        |       |       |       |       |       |       |       |       |     1 ||     1
  Eat: Chunk             |     1 |    11 |     6 |    17 |    31 |    29 |    25 |    15 |    11 ||   146
       Royal jelly       |       |     1 |       |       |       |       |       |       |    14 ||    15
       Fruit             |       |       |       |       |       |       |       |       |     4 ||     4
       Bread ration      |       |       |       |       |       |       |       |       |     2 ||     2
Armor: Ring mail         |    48 |    55 |       |       |       |       |       |       |       ||   103
       Leather armour    |     2 |       |       |       |       |       |       |       |       ||     2
       Skin              |     2 |     1 |       |       |       |       |       |       |       ||     3
       Chain mail        |       |   191 |   103 |       |       |       |       |       |       ||   294
       Plate armour      |       |       |    60 |   453 |   659 |   643 |   300 |   319 |  1655 ||  4089
Dodge: Dodged            |    73 |   193 |   112 |   747 |  1221 |  1053 |  1029 |  1234 |  4205 ||  9867
       Deflected         |       |       |     3 |    23 |    11 |    10 |       |       |       ||    47
Block: Buckler           |       |       |       |       |   372 |       |       |       |       ||   372
       Shield            |       |       |       |       |   353 |   390 |   908 |  1387 |  4242 ||  7280
       Large shield      |       |       |       |       |       |  1527 |   584 |       |       ||  2111
       Rpst.: Scimitar   |       |       |       |       |     6 |    12 |       |       |       ||    18

Table legend:
 A = Spawn XP
 B = Non-spawn XP
 C = Spawn XP percentage of total XP
 D = Spawn monster count
 E = Non-spawn monster count
 F = Spawn count percentage of total count
 G = Total turns spent on level
                    A         B        C        D         E        F      G
               +---------+---------+-------+---------+---------+-------+---------
         Total |   68426 | 2347221 |   2.8 |      92 |    3010 |   3.0 | 74297
               +---------+---------+-------+---------+---------+-------+---------
           D:1 |       0 |      67 |   0.0 |       0 |      22 |   0.0 |  1079
           D:2 |       0 |     176 |   0.0 |       0 |      37 |   0.0 |  1563
           D:3 |       0 |      89 |   0.0 |       0 |      18 |   0.0 |  1360
           D:4 |       0 |     413 |   0.0 |       0 |      25 |   0.0 |  1642
           D:5 |       0 |     467 |   0.0 |       0 |      21 |   0.0 |  1090
           D:6 |       0 |    1083 |   0.0 |       0 |      26 |   0.0 |   981
           D:7 |       0 |    4984 |   0.0 |       0 |      52 |   0.0 |  1338
           D:8 |       0 |    2458 |   0.0 |       0 |      35 |   0.0 |  1212
           D:9 |       0 |    4193 |   0.0 |       0 |      36 |   0.0 |  1109
          D:10 |       0 |    1614 |   0.0 |       0 |      14 |   0.0 |   828
          D:11 |       0 |    7858 |   0.0 |       0 |      56 |   0.0 |  1773
          D:12 |       0 |   11130 |   0.0 |       0 |      52 |   0.0 |  2399
          D:13 |       0 |    7394 |   0.0 |       0 |      30 |   0.0 |  1022
          D:14 |       0 |   11835 |   0.0 |       0 |      36 |   0.0 |  1422
          D:15 |       0 |    9729 |   0.0 |       0 |      34 |   0.0 |  1221
        Temple |       0 |       6 |   0.0 |       0 |       2 |   0.0 |   212
        Lair:1 |       0 |    3794 |   0.0 |       0 |      14 |   0.0 |  1289
        Lair:2 |       0 |    4877 |   0.0 |       0 |      24 |   0.0 |  2007
        Lair:3 |       0 |    3732 |   0.0 |       0 |      20 |   0.0 |  1738
        Lair:4 |       0 |    6586 |   0.0 |       0 |      25 |   0.0 |  2240
        Lair:5 |       0 |   14987 |   0.0 |       0 |      43 |   0.0 |  3360
        Lair:6 |       0 |   24823 |   0.0 |       0 |      50 |   0.0 |  3690
       Swamp:1 |       0 |    3557 |   0.0 |       0 |      10 |   0.0 |   637
       Swamp:2 |       0 |   12129 |   0.0 |       0 |      32 |   0.0 |  1320
       Swamp:3 |       0 |    9364 |   0.0 |       0 |      23 |   0.0 |   681
       Swamp:4 |       0 |   24995 |   0.0 |       0 |      52 |   0.0 |  1535
      Spider:1 |       0 |    7788 |   0.0 |       0 |      23 |   0.0 |  1177
      Spider:2 |       0 |    4169 |   0.0 |       0 |      13 |   0.0 |   434
      Spider:3 |       0 |    8197 |   0.0 |       0 |      17 |   0.0 |   698
      Spider:4 |       0 |   39119 |   0.0 |       0 |      94 |   0.0 |  1473
       Slime:1 |       0 |    2075 |   0.0 |       0 |       8 |   0.0 |    28
       Slime:2 |       0 |    1036 |   0.0 |       0 |       2 |   0.0 |    44
       Slime:3 |       0 |   23297 |   0.0 |       0 |      14 |   0.0 |   286
       Slime:4 |       0 |    8162 |   0.0 |       0 |      18 |   0.0 |   127
       Slime:5 |       0 |   34011 |   0.0 |       0 |      26 |   0.0 |   836
         Orc:1 |       0 |   14921 |   0.0 |       0 |      61 |   0.0 |  2973
         Orc:2 |       0 |   13559 |   0.0 |       0 |      44 |   0.0 |   969
         Elf:1 |       0 |   22506 |   0.0 |       0 |      41 |   0.0 |   868
         Elf:2 |       0 |   46726 |   0.0 |       0 |      65 |   0.0 |  1074
         Elf:3 |       0 |   95957 |   0.0 |       0 |      91 |   0.0 |  1284
      Vaults:1 |       0 |   42432 |   0.0 |       0 |      68 |   0.0 |  2131
      Vaults:2 |       0 |   55297 |   0.0 |       0 |      91 |   0.0 |  1580
      Vaults:3 |       0 |   53933 |   0.0 |       0 |      64 |   0.0 |  1716
      Vaults:4 |       0 |   60225 |   0.0 |       0 |      90 |   0.0 |  1393
      Vaults:5 |       0 |  194940 |   0.0 |       0 |     174 |   0.0 |  1820
       Crypt:1 |       0 |   24601 |   0.0 |       0 |      39 |   0.0 |   785
       Crypt:2 |       0 |   38068 |   0.0 |       0 |      26 |   0.0 |   886
       Crypt:3 |       0 |   80236 |   0.0 |       0 |     126 |   0.0 |  1384
      Depths:1 |       0 |   41643 |   0.0 |       0 |      55 |   0.0 |   781
      Depths:2 |       0 |   60411 |   0.0 |       0 |      72 |   0.0 |  1437
      Depths:3 |       0 |   35565 |   0.0 |       0 |      49 |   0.0 |  1192
      Depths:4 |       0 |   49103 |   0.0 |       0 |      55 |   0.0 |  1051
      Depths:5 |       0 |   69037 |   0.0 |       0 |      52 |   0.0 |  1299
           Pan |   68426 |   85936 |  44.3 |      92 |      63 |  59.4 |  2312
         Zig:1 |       0 |    1688 |   0.0 |       0 |       1 |   0.0 |    36
         Zig:2 |       0 |    1134 |   0.0 |       0 |       5 |   0.0 |    22
         Zig:3 |       0 |    4606 |   0.0 |       0 |       8 |   0.0 |    31
         Zig:4 |       0 |    6848 |   0.0 |       0 |       9 |   0.0 |   256
         Zig:5 |       0 |    5668 |   0.0 |       0 |       7 |   0.0 |   133
         Zig:6 |       0 |    9551 |   0.0 |       0 |       6 |   0.0 |    83
         Zig:7 |       0 |    7074 |   0.0 |       0 |      11 |   0.0 |    94
         Zig:8 |       0 |   22542 |   0.0 |       0 |       9 |   0.0 |    95
         Zig:9 |       0 |   11946 |   0.0 |       0 |      14 |   0.0 |    46
        Zig:10 |       0 |   15149 |   0.0 |       0 |      21 |   0.0 |   114
        Zig:11 |       0 |   39033 |   0.0 |       0 |      13 |   0.0 |   114
        Zig:12 |       0 |   17878 |   0.0 |       0 |      18 |   0.0 |   317
        Zig:13 |       0 |     578 |   0.0 |       0 |       2 |   0.0 |    25
        Zig:14 |       0 |   26421 |   0.0 |       0 |      26 |   0.0 |   161
        Zig:15 |       0 |   34712 |   0.0 |       0 |      45 |   0.0 |   149
        Zig:16 |       0 |   26132 |   0.0 |       0 |      52 |   0.0 |   166
        Zig:17 |       0 |   84464 |   0.0 |       0 |      25 |   0.0 |   135
        Zig:18 |       0 |   60054 |   0.0 |       0 |      35 |   0.0 |   144
        Zig:19 |       0 |   43303 |   0.0 |       0 |      46 |   0.0 |   135
        Zig:20 |       0 |   84361 |   0.0 |       0 |      37 |   0.0 |   206
        Zig:21 |       0 |   54065 |   0.0 |       0 |      49 |   0.0 |   138
        Zig:22 |       0 |   58804 |   0.0 |       0 |      43 |   0.0 |   217
        Zig:23 |       0 |   69377 |   0.0 |       0 |      52 |   0.0 |   266
        Zig:24 |       0 |  130701 |   0.0 |       0 |      67 |   0.0 |   191
        Zig:25 |       0 |  114753 |   0.0 |       0 |      62 |   0.0 |   179
        Zig:26 |       0 |   31089 |   0.0 |       0 |      17 |   0.0 |    58
               +---------+---------+-------+---------+---------+-------+---------
